Map: Lerilak Crest

Players

Patchzerg

  • Race: Terran Terran
  • League: Gold

Sylentheal - Winner!

  • Race: Zerg Zerg

VOD

Have the link to the VOD?

Description

So how do I beat Ultralisks again? MMM clearly didn't work, neither did Ghosts.

Time

  • Played on: Nov. 30, 2015, 10:03 p.m.
  • Length: 29:44
Show
View Real Time Build Order
Export as new Build Order

Patchzerg Terran 

Build Orders:  

Get SALT Encoding   

  12  0:01  SCV  
  13  0:13  SCV  
  14  0:17  Supply Depot  
  14  0:25  SCV  
  15  0:39  SCV  
  15  0:41  Barracks  
  16  0:51  SCV  
  16  0:52  Refinery  
  17  0:57  Refinery  
  17  1:03  SCV  
  18  1:15  SCV  
  19  1:26  Supply Depot  
  19  1:27  SCV  
  19  1:29  Marine  
  21  1:42  Factory  
  21  1:43  SCV  
  22  1:51  Marine  
  23  1:55  SCV  
  24  2:07  SCV  
  25  2:22  Orbital Command  
  25  2:31  Starport  
  25  2:32  Factory Tech Lab  
  25  2:37  Barracks Reactor  
  25  2:49  SCV  
  26  3:02  SCV  
  27  3:11  Command Center  
  27  3:16  Banshee  
  27  3:18  Factory Tech Lab  
  29  3:23  Marine x2  
  31  3:34  Supply Depot  
  31  3:43  Bunker  
  31  3:55  Marine x2  
  31  3:56  SCV, Siege Tank  
  31  3:57  Supply Depot  
  37  4:08  SCV  
  38  4:16  Supply Depot  
  38  4:18  Banshee  
  41  4:26  SCV  
  42  4:38  SCV  
  43  4:43  Supply Depot, Engineering Bay  
  43  4:50  SCV  
  44  4:57  Siege Tank  
  44  4:58  Marine x2  
  49  5:02  SCV  
  50  5:08  Orbital Command  
  50  5:14  SCV  
  50  5:17  Supply Depot  
  51  5:26  SCV  
  52  5:29  Barracks, Medivac  
  54  5:36  SCV  
  54  5:39  SCV  
  54  5:42  Marine x2  
  58  5:48  SCV, Refinery  
  59  5:51  SCV  
  60  5:59  Siege Tank  
  60  6:00  SCV  
  60  6:03  SCV  
  65  6:15  SCV x2  
  65  6:17  Raven, Marine x2  
  71  6:24  Refinery  
  71  6:35  Siege Tank  
  71  6:39  Barracks Tech Lab  
  74  6:41  SCV x2  
  74  6:43  Barracks  
  76  6:48  Supply Depot  
  76  6:53  SCV  
  76  6:54  SCV  
  78  7:00  Viking  
  80  7:05  SCV  
  80  7:18  SCV x2  
  82  7:28  Stimpack  
  82  7:29  Marine x2  
  86  7:30  SCV, Siege Tank, Marauder  
  86  7:32  Viking  
  92  7:39  Missile Turret  
  92  7:42  SCV x2  
  94  8:33  Barracks Tech Lab  
  94  8:44  SCV x2, Marine x2  
  94  8:45  Marine  
  94  8:48  Siege Tank  
  92  8:56  SCV x2  
  92  9:02  Marine  
  94  9:06  Supply Depot  
  94  9:08  Supply Depot, Concussive Shells  
  94  9:10  Command Center x2  
  94  9:19  Marine  
  94  9:20  Siege Tank, Marauder  
  94  9:22  Supply Depot  
  100  9:29  Terran Infantry Weapons Level 1, Combat Shields  
  100  9:34  Engineering Bay  
  100  9:35  SCV x2  
  100  9:37  Armory  
  102  9:47  SCV x2  
  102  9:51  Marine x3  
  104  10:13  Missile Turret, Marine x4  
  107  10:26  Starport  
  107  10:30  Siege Tank, Marine  
  107  10:31  Marine x3  
  114  10:36  Medivac  
  114  10:37  SCV, Orbital Command  
  117  10:49  Missile Turret  
  116  11:04  Marine  
  116  11:05  Missile Turret x2, Marine x3  
  116  11:06  Siege Tank  
  116  11:09  Planetary Fortress  
  123  11:11  Missile Turret  
  123  11:14  SCV x3  
  123  11:15  Missile Turret  
  126  11:22  Marine  
  127  11:34  Supply Depot  
  127  11:38  Siege Tank  
  130  11:41  Refinery x2  
  130  11:42  Missile Turret  
  130  11:45  Bunker  
  130  11:46  Terran Infantry Weapons Level 2  
  130  11:48  Terran Infantry Armor Level 1  
  130  11:49  Terran Vehicle Weapons Level 1  
  130  11:53  Marine x4  
  134  11:57  Starport Reactor  
  132  12:01  Barracks  
  132  12:03  Barracks  
  111  12:31  Marine x2  
  111  12:32  Marine x2  
  115  12:44  Viking x2  
  115  12:45  Viking  
  115  12:49  Marine x2  
  115  12:50  Missile Turret, Marine x2  
  125  12:53  Factory  
  125  12:54  Barracks  
  125  12:57  Ghost Academy  
  125  13:00  Barracks Reactor x2, Barracks  
  125  13:01  Factory, Barracks  
  125  13:08  Missile Turret  
  125  13:10  SCV x2, Marine x2  
  125  13:11  Marine x2  
  131  13:19  Viking x3  
  137  13:26  Siege Tank  
  140  13:28  Marine x3  
  140  13:29  Supply Depot, Marine  
  140  13:33  Supply Depot  
  139  13:43  Marine x5  
  139  13:46  Marine x4  
  133  13:56  Marine x2  
  133  13:58  Siege Tank  
  133  14:00  Factory Tech Lab, Marine  
  133  14:01  Marine x2  
  141  14:15  Barracks Tech Lab, Ghost  
  141  14:16  Barracks Tech Lab  
  143  14:30  Siege Tank  
  146  14:42  Terran Vehicle Weapons Level 2  
  146  14:45  Marauder x3  
  154  14:46  Marauder, Marine x5  
  154  14:47  Barracks Tech Lab, Marine  
  160  15:02  Siege Tank  
  160  15:03  Marine  
  164  15:09  Terran Infantry Weapons Level 3, Terran Infantry Armor Level 2  
  155  15:31  Medivac  
  155  15:32  Marine, Medivac x2  
  155  15:33  Marine x6  
  168  15:46  Missile Turret  
  168  16:12  Marauder  
  168  16:13  Marine, Marauder x4  
  168  16:15  Marine x3  
  168  16:16  Marine x2  
  184  16:31  Marine  
  179  16:33  Ghost x3, Marine  
  128  16:52  Siege Tank  
  128  16:53  Marine x3  
  107  17:02  Siege Tank  
  107  17:03  Marauder x2, Marine x5  
  115  17:13  Marine  
  115  17:14  Marine x3  
  119  17:20  Marine  
  119  17:21  Marine x4  
  124  17:24  Siege Tank, Marine  
  124  17:29  Terran Infantry Armor Level 3  
  128  17:34  Siege Tank  
  131  17:40  Orbital Command  
  131  17:52  SCV x2  
  131  17:53  SCV, Marine  
  131  17:54  Marine x4  
  139  18:00  Missile Turret  
  136  18:34  Siege Tank  
  136  18:35  Siege Tank  
  142  18:41  Ghost x3  
  142  18:43  Marine  
  149  19:09  Viking, Raven  
  153  19:10  Viking  
  142  19:37  Orbital Command  
  142  19:38  Marine x7  
  143  19:39  Marauder, Marine x3  
  154  19:57  Marauder x3  
  145  20:10  Widow Mine  
  145  20:11  Medivac x3  
  148  20:14  Marine x3  
  148  20:15  Marine  
  144  20:32  SCV x3  
  147  21:15  Marine  
  147  21:16  Marine x8  
  156  21:35  Marine x6  
  156  21:36  Marauder  
  164  22:22  Marine  
  163  22:25  Marauder  
  163  22:26  Orbital Command  
  163  22:27  Ghost  
  164  22:32  Marauder  
  164  22:36  Marauder  
  164  23:17  SCV  
  164  23:33  SCV, Marine  
  164  23:34  SCV x2, Marine  
  164  23:35  Ghost  
  164  23:48  Marine  
  164  24:03  Medivac  
  164  24:05  SCV, Siege Tank x2  
  164  24:06  Marine x2  
  164  24:41  Marine  
  164  24:42  Marine x2  
  164  24:43  Ghost  
  164  24:44  Marauder  
  163  24:45  Ghost  
  163  24:46  Medivac  
  163  24:47  Orbital Command, Medivac  
  163  24:48  Medivac  
  163  25:03  Supply Depot  
  163  25:33  Siege Tank  
  164  25:39  Siege Tank  
  138  25:57  Orbital Command  
  89  27:01  Ghost x2  
  84  27:29  Marine  
Show
View Real Time Build Order
Export as new Build Order

Sylentheal Zerg - Winner!

Build Orders: Hatch First 

Get SALT Encoding   

  12  0:01  Drone  
  13  0:08  Drone  
  14  0:17  Overlord  
  14  0:35  Drone x2  
  16  0:41  Drone  
  17  0:55  Hatchery  
  17  0:56  Drone  
  17  1:11  Spawning Pool  
  17  1:13  Drone  
  17  1:17  Drone  
  18  1:20  Extractor  
  18  1:22  Drone  
  18  1:29  Drone  
  19  1:41  Drone  
  20  1:51  Drone  
  21  2:02  Extractor, Queen  
  21  2:08  Drone x2  
  24  2:11  Queen  
  24  2:13  Overlord  
  27  2:21  Overlord  
  27  2:23  Zergling x2  
  28  2:35  Drone x2  
  30  2:38  Lair  
  30  2:44  Zergling x2  
  31  2:49  Drone  
  31  2:50  Roach Warren  
  31  3:01  Drone  
  31  3:02  Drone x2  
  34  3:07  Drone  
  35  3:20  Extractor  
  35  3:26  Metabolic Boost  
  34  3:32  Roach  
  34  3:33  Roach  
  38  3:34  Roach  
  40  3:41  Drone x4  
  40  3:44  Overlord x2  
  44  4:02  Queen  
  46  4:17  Drone, Zergling x4  
  46  4:18  Drone x5  
  46  4:19  Drone  
  46  4:20  Zergling x2  
  56  4:27  Queen  
  58  4:39  Roach  
  58  4:40  Overlord x2  
  58  4:41  Overlord  
  58  4:44  Hatchery  
  59  4:50  Spore Crawler  
  56  4:55  Overseer  
  56  5:06  Roach  
  70  5:07  Roach x6  
  70  5:15  Spore Crawler  
  69  5:26  Roach  
  69  5:27  Roach x5  
  82  5:28  Ravager  
  82  5:29  Ravager  
  83  5:47  Drone  
  83  5:55  Drone  
  83  5:56  Drone x6  
  90  5:57  Overlord  
  90  6:01  Extractor  
  90  6:02  Drone  
  90  6:28  Extractor  
  89  6:42  Overlord x3  
  89  6:43  Roach  
  89  6:44  Roach x3  
  89  6:46  Ravager  
  98  6:48  Overlord  
  98  6:49  Overlord  
  94  7:18  Spire  
  93  7:23  Drone  
  93  7:24  Drone x13  
  107  7:34  Drone x6, Extractor  
  107  7:35  Drone  
  103  8:12  Spore Crawler  
  98  8:13  Spore Crawler  
  95  8:21  Roach x2  
  95  8:22  Roach x15  
  95  8:26  Queen  
  95  8:27  Queen  
  126  8:28  Queen  
  126  8:29  Overlord  
  126  8:30  Overlord  
  104  8:52  Mutalisk x3  
  104  8:53  Mutalisk x3  
  108  9:03  Drone x5  
  113  9:14  Drone x3  
  116  9:27  Drone x4  
  116  9:28  Drone x2  
  122  9:40  Infestation Pit  
  122  9:42  Extractor  
  122  9:43  Drone x7  
  125  10:26  Evolution Chamber  
  124  10:29  Hive  
  124  10:31  Evolution Chamber  
  123  10:44  Roach  
  123  10:45  Overlord x4, Roach x2  
  123  10:46  Overlord x5  
  129  10:50  Hatchery  
  128  11:12  Hydralisk Den  
  127  11:25  Zerg Ground Armor Level 1, Zerg Melee Weapons Level 1  
  127  11:45  Ultralisk Cavern, Roach x6  
  127  11:46  Roach x2  
  142  11:47  Ravager  
  142  11:48  Ravager x13  
  142  11:50  Extractor, Zergling x24  
  167  11:57  Hatchery  
  124  12:19  Mutalisk x4  
  118  12:40  Muscular Augments  
  118  12:42  Chitinous Plating  
  118  12:45  Ultralisk  
  118  12:46  Ultralisk x3  
  118  12:51  Baneling Nest  
  141  12:53  Adrenal Glands  
  141  12:55  Zergling x6  
  141  12:56  Zergling x32  
  160  13:00  Queen  
  160  13:04  Drone x6  
  160  13:05  Queen  
  170  13:20  Ravager  
  170  13:21  Ravager x5  
  154  13:50  Zergling x6  
  154  13:51  Zergling x24  
  165  14:27  Hatchery  
  159  15:01  Zergling x2  
  159  15:02  Zergling x36  
  175  15:10  Evolution Chamber  
  167  15:17  Centrifical Hooks  
  167  15:19  Mutalisk  
  167  15:20  Mutalisk x2  
  167  15:21  Ultralisk x3  
  185  15:22  Ultralisk  
  197  15:45  Extractor  
  196  15:53  Baneling x6  
  196  15:54  Baneling x23  
  196  16:00  Zerg Melee Weapons Level 2  
  196  16:05  Evolution Chamber  
  196  16:07  Spore Crawler  
  155  16:47  Ultralisk x6  
  132  16:48  Zergling x28  
  132  16:49  Zergling x22  
  125  17:24  Ultralisk x2, Mutalisk  
  139  17:38  Zerg Ground Armor Level 2  
  139  17:57  Extractor  
  139  17:58  Extractor  
  136  18:07  Ultralisk  
  136  18:08  Ultralisk  
  145  18:26  Baneling  
  145  18:27  Baneling x12  
  145  18:51  Ultralisk x2  
  145  18:53  Hatchery, Zergling x2  
  145  18:54  Zergling x12  
  145  18:55  Zergling x14  
  170  19:03  Zerg Melee Weapons Level 3  
  169  19:34  Ultralisk x2  
  181  20:05  Extractor  
  175  20:07  Extractor  
  175  20:08  Hatchery  
  163  20:14  Zerg Ground Armor Level 3  
  161  20:31  Ultralisk  
  161  20:32  Ultralisk x2  
  161  20:33  Zergling x4  
  181  20:53  Drone x9  
  190  20:59  Drone x2  
  190  21:00  Drone  
  173  21:26  Overseer  
  173  21:27  Overseer  
  173  21:28  Queen  
  175  21:40  Zergling x2  
  175  21:41  Zergling x30  
  191  21:48  Drone x3  
  194  22:02  Spine Crawler  
  194  22:04  Baneling x2  
  194  22:05  Baneling  
  188  22:50  Ultralisk, Zergling x6  
  197  22:56  Drone x2  
  197  22:57  Drone  
  198  23:14  Zerg Missile Weapons Level 1  
  198  23:31  Extractor  
  198  23:33  Extractor  
  186  23:36  Mutalisk x4  
  186  23:37  Mutalisk x3  
  199  23:50  Drone  
  200  24:18  Glial Reconstitution  
  200  24:21  Lurker Den  
  200  25:17  Zerg Flyer Weapons Level 1  
  158  25:46  Ultralisk  
  158  25:47  Hydralisk  
  158  25:48  Hydralisk x19  
  158  25:49  Hydralisk x3  
  198  25:58  Drone  
  198  26:03  Zerg Missile Weapons Level 2  
  199  26:31  Hatchery  
  199  26:32  Overseer x2  
  198  26:33  Pneumatized Carapace  
  176  26:49  Ultralisk  
  176  26:50  Ultralisk x6  
  176  26:51  Ultralisk  
  176  26:52  Ultralisk  
  176  26:53  Zergling x18  
  182  28:13  Zergling x2  
  182  28:14  Zergling x38  
  200  28:59  Baneling  
  200  29:00  Baneling x28  
  200  29:01  Baneling x12  
Tags
 
Add a new tag
Caveats
  • Supply blocks, unpowered buildings, or Contaminate may cause inaccurate times.
  • Supply counts are checked every 10 seconds.